 Dungeon Crawl Stone Soup version 0.21.1-1-g345015f (webtiles) character file.

14 inc the Grasshopper (level 2, 13/13 HPs)
             Began as a Felid Warper on Feb 22, 2018.
             Quit the game on level 1 of the Dungeon.
             The game lasted 00:00:44 (342 turns).

inc the Grasshopper (Felid Warper)                   Turns: 342, Time: 00:00:44

Health: 13/13      AC:  1    Str:  7    XL:     2   Next: 31%
Magic:  6/6        EV: 18    Int: 14    God:
Gold:   25         SH:  0    Dex: 15    Spells: 5/5 levels left
                                        Lives:  0   Deaths: 0

rFire    . . .     SeeInvis +     - Unarmed
rCold    . . .     Gourm    .   (shield unavailable)
rNeg     . . .     Faith    .   (armour unavailable)
rPois    .         Spirit   .   (helmet unavailable)
rElec    .         Reflect  .   (cloak unavailable)
rCorr    .         Harm     .   (gloves unavailable)
MR       .....                  (boots unavailable)
Stlth    ++........             (no amulet)
HPRegen  0.04/turn              (no ring)
MPRegen  0.10/turn              (no ring)

@: quick
A: very small, no armour, no weapons or thrown items, stealth, claws 1, fangs 3,
see invisible, carnivore, speed 1, shaggy fur 1, slow metabolism 1, sharp paws
a: no special abilities


You were on level 1 of the Dungeon.
You were full.

You visited 1 branch of the dungeon, and saw 1 of its levels.

You collected 25 gold pieces.

Inventory:

Scrolls
 b - a scroll of blinking
 d - 2 scrolls of remove curse {unknown}
 e - a scroll of magic mapping {unknown}
Potions
 f - a potion of resistance {unknown}
Books
 a - a book of Spatial Translocations

   Spells                             Type                      Level
   a - Blink                          Translocation                2
   b - Shroud of Golubria             Charms/Translocation         2
   c - Lesser Beckoning               Translocation                3
   d - Gell's Gravitas                Translocation                3
   e - Teleport Other                 Translocation                3
   f - Passage of Golubria            Translocation                4
Comestibles
 c - a ration


   Skills:
 - Level 2.0 Fighting
 - Level 3.2 Dodging
 + Level 3.0 Unarmed Combat
 - Level 2.0 Spellcasting
   Level 4.4 Translocations


You had 5 spell levels left.
You didn't know any spells.

Dungeon Overview and Level Annotations

Branches:
Dungeon (1/15)

Altars:


Innate Abilities, Weirdness & Mutations

You cannot wear armour.
You are incapable of wielding weapons or throwing items.
Your paws allow you to move quietly. (Stealth)
You have sharp claws.
You have razor-sharp teeth.
You have supernaturally acute eyesight. (SInv)
You are carnivorous and can eat meat at any time.
You cover ground quickly.
You are covered in fur. (AC +1)
You have a slow metabolism.
Your sharp claws are effective at attacking unaware monsters.


Message History

The kobold misses you.
You closely miss the kobold. The kobold barely misses you.
You scratch the kobold.
You kill the kobold!
Your Unarmed Combat skill increases to level 3!
You now have 13 gold pieces.
You now have 25 gold pieces (gained 12).
Found a whip.
A giant cockroach comes into view.
The giant cockroach barely misses you.
Found a yellow potion.
You barely miss the giant cockroach. The giant cockroach closely misses you.
You scratch the giant cockroach but do no damage.
The giant cockroach completely misses you.
You claw the giant cockroach!
You kill the giant cockroach!
Found 15 gold pieces.
Found 27 stones.
f - a yellow potion Are you sure you want to abandon this character and quit the game? (Confirm with "yes".)

#. #..## .# ..#..###
..#...#..##### #
#...#...#....# ..#
.#...#...#..#
#...#$..#...#....#
#...#..)#...#..#
..#..@#...#....#
#...#...#...#..#
#...#...#...#....#
..#...#...#...#..#######
#...#...#...#........#..
.#...#...#...#.........
..#...#...#...........
#...#...#...#.........
.#...#...#...........


There were no monsters in sight!

Vanquished Creatures
  An ooze (D:1)
  A dart slug (D:1)
  A giant cockroach (D:1)
  2 goblins (D:1)
  A hobgoblin (D:1)
  A kobold (D:1)
  A rat (D:1)
8 creatures vanquished.

Notes
Turn   | Place    | Note
-------+----------+-------------------------------------------
     0 | D:1      | inc the Felid Warper began the quest for the Orb.
     0 | D:1      | Reached XP level 1. HP: 9/9 MP: 4/4
   303 | D:1      | Reached XP level 2. HP: 13/13 MP: 6/6
   342 | D:1      | Quit the game

Skill      XL: |  1  2 |
---------------+-------+-----
Unarmed Combat | 3 |  3.0
Fighting       | |  2.0
Dodging        | |  3.2
Spellcasting   | |  2.0
Translocations | |  4.4

Action                   || total
-------------------------++-------
Melee: Unarmed           ||    20
       Punch             ||     1
       Bite              ||     1
 Stab: Sleeping          ||     2
  Eat: Chunk             ||     2
Dodge: Dodged            ||    12
